 Dungeon Crawl Stone Soup version 0.31.0-11-ge490571c62 (webtiles) character file.

Game seed: 15198924422478999819

9838 sanka the Mimic (level 11, -4/85 (86) HPs)
             Began as a Merfolk Shapeshifter on Feb 3, 2024.
             Was an Elder of Okawaru.
             Slain by a wolf (7 damage)
             ... on level 8 of the Dungeon.
             The game lasted 00:20:06 (11640 turns).

sanka the Mimic (Merfolk Shapeshifter)             Turns: 11640, Time: 00:20:06

HP:   -4/85 (86)    AC:  2    Str: 16    XL:     11   Next: 52%
MP:   12/14         EV: 27    Int:  9    God:    Okawaru [****..]
Gold: 1117          SH:  0    Dex: 23    Spells: 10/10 levels left

rFire   . .          .
                       - Unarmed
rCold   . . .        (shield currently unavailable)
rNeg    . . .        I - melded +0 steam dragon scales
rPois   .            p - +0 helmet
rElec   .            (no cloak)
rCorr   .            (no gloves)
SInv    .            J - +0 pair of boots
Will    .....        (no amulet)
Stlth   ++           O - +6 ring of dexterity
HPRegen 0.34/turn    n - +4 ring of slaying
MPRegen 0.14/turn

%: no passive effects
@: flux-form, heroic, glowing, lightly drained
A: glow, contaminating, (nimble swimmer 2), mertail
a: Begin Untransformation, Renounce Religion, Heroism, Finesse


You were on level 8 of the Dungeon.
You worshipped Okawaru.
Okawaru was greatly pleased with you.
You were something dangerously unstable.
You visited 1 branch of the dungeon, and saw 9 of its levels.
You also visited: Sewer and Bailey.

You collected 1117 gold pieces.


Innate Abilities, Weirdness & Mutations

You are something dangerously unstable.
You glow with magical radiation, making you easy to see and hit.
Foes you strike become dangerously contaminated with magical radiation.
You are incapable of wielding weapons or throwing items.
((You are very nimble when in or above water. (Stealth+, EV+, Speed+++)))
Your lower body shifts to a powerful aquatic tail in water.


   Skills:
 - Level 8.0(13.0) Fighting
 - Level 8.0(13.0) Dodging
 - Level 10.0(15.0) Unarmed Combat
 - Level 5.0 Invocations
 + Level 14.4 Shapeshifting


You had 10 spell levels left.
You didn't know any spells.
Your spell library contained the following spells:

 Spells                   Type           Power      Damage    Failure   Level
 Sandblast                Erth           0%         2d4       38%         1
 Lesser Beckoning         Tloc           0%         N/A       52%         2
 Sublimation of Blood     Necr           0%         N/A       52%         2
 Gell's Gravitas          Tloc           0%         N/A       77%         3
 Teleport Other           Tloc           0%         N/A       77%         3
 Manifold Assault         Tloc           0%         N/A       99%         4
 Dispersal                Tloc           0%         N/A       100%        6
 Disjunction              Tloc           0%         N/A       100%        8
 Call Imp                 Summ           Unusable   N/A       N/A         2
 Summon Hydra             Summ           Unusable   N/A       N/A         7

Inventory:

Missiles
 F - 2 throwing nets {=f}
 L - 3 curare-tipped darts {=f}
Armour
 p - a +0 helmet (worn)
 I - +0 steam dragon scales (melded)
 J - a +0 pair of boots (worn)
Jewellery
 f - a ring of flight
 n - a +4 ring of slaying (right hand)
 v - a ring of protection from fire
 M - a ring of see invisible
 O - a +6 ring of dexterity (left hand)
Talismans
 c - a beast talisman
 d - a flux talisman (active)
 A - a granite talisman
Wands
 a - a wand of paralysis (8)
 y - a wand of flame (39)
 Q - a wand of iceblast (8)
Scrolls
 e - 8 scrolls of teleportation {@r4}
 h - 4 scrolls of fear
 i - 3 scrolls of brand weapon {unknown}
 j - a scroll of silence {unknown}
 s - 2 scrolls of immolation {!r}
 t - 3 scrolls of blinking
 x - 2 scrolls of vulnerability {!r}
 B - 2 scrolls of poison {!r}
 C - a scroll of fog
 E - 2 scrolls of noise {!r}
 G - 2 scrolls of enchant armour
 H - a scroll of enchant weapon
Potions
 b - a potion of lignification {!q}
 g - 6 potions of haste {@q3}
 k - a potion of berserk rage {unknown}
 l - a potion of resistance {unknown}
 m - 4 potions of enlightenment
 o - 2 potions of curing {@q1}
 q - 3 potions of heal wounds {unknown}
 r - 2 potions of might {unknown}
 u - 2 potions of degeneration {unknown}
 w - 4 potions of mutation {!q}
 z - 2 potions of cancellation
 D - 2 potions of magic {unknown}
 K - 2 potions of brilliance {unknown}
 N - 2 potions of invisibility {unknown}
 P - a potion of experience {unknown}

Dungeon Overview and Level Annotations

Branches:
Dungeon (9/15)             Temple (0/1) D:7           Sewer (visited)
 Bailey (visited)
   Lair: D:8-11         Orc: D:9-12

Altars:
Ashenzari
Cheibriados
Hepliaklqana
Nemelex Xobeh
Okawaru
Ru
Trog
Uskayaw
Xom
Yredelemnul
The Shining One

Annotations:
D:9 Jeremiah

▒.▒......▒▒▒▒▒▒..▒
▒.▒.▒.▒▒.▒≈≈≈≈▒..▒
..▒.▒.▒▒.▒≈.⌠≈▒..▒
▒▒▒.▒.▒▒.▒≈>_≈▒..▒
▒.▒.▒..▒≈≈≈≈'..▒
▒.▒.[..▒▒▒▒▒▒..▒
▒▒▒.▒▒...........▒
.......▒▒▒.▒▒.▒..▒
.▒▒.▒..▒ ▒....▒▒p▒
.▒▒.▒..▒ ▒▒▒▒..h.▒
.▒▒.▒..▒ ▒▒▒▒.▒
.▒▒.▒..▒ ▒.▒
.<▒.▒..▒ ▒.▒
.▒▒.▒▒▒▒▒▒▒ ▒.▒
.▒▒.......▒ ▒.▒
.▒▒▒▒▒▒▒▒.▒▒▒▒▒▒)▒
▒▒ ▒........▒


You could see a wolf (heavy contam).


Message History

The wolf bites you.
* * * LOW HITPOINT WARNING * * *
There is a stone staircase leading up here.
The wolf closely misses you. The wolf barely misses you. The wolf misses you.
You climb upwards.
There is a stone staircase leading down here.
Unknown command.
You barely miss the wolf. The wolf completely misses you.
You closely miss the wolf. The wolf completely misses you. The wolf bites you!
* * * LOW HITPOINT WARNING * * *
You punch the wolf!
The wolf begins to glow.
The wolf is heavily wounded.
The wolf bites you but does no damage.
Use which ability? (? or * to list)
You gain the combat prowess of a mighty hero.
You can no longer enter into single combat with a foe.
Okawaru will no longer gift you throwing weapons.
The wolf closely misses you. The wolf closely misses you.
You punch the wolf!
The wolf glows dangerously bright.
The wolf is almost dead.
The wolf bites you!
You die...

Action                     |  1- 3 |  4- 6 |  7- 9 | 10-12 || total
---------------------------+-------+-------+-------+-------++-------
  Melee: Unarmed           |   123 |   105 |   234 |   354 ||   816
         Tailslap          |     2 |       |     3 |     1 ||     6
         Punch             |       |     4 |     7 |       ||    11
 Invoke: Heroism           |       |     1 |     8 |     9 ||    18
    Use: Potion            |       |     2 |       |     4 ||     6
         Scroll            |       |       |       |    16 ||    16
   Stab: Sleeping          |     1 |     4 |     6 |       ||    11
 Armour: Animal skin       |    75 |    51 |    45 |       ||   171
         Skin              |       |     7 |    35 |   117 ||   159
  Dodge: Dodged            |    66 |    53 |   167 |   319 ||   605
   Form: Flux              |       |       |     1 |     1 ||     2
                           |       |       |       |     1 ||     1

Levels and vault maps discovered:
D:1:      ncdulo_wetmaze, layout_loops_corners, minmay_small_reverse_x
D:2:      layout_basic, shapermc_ecumenical_altar_rom_forum,
          minmay_snake_closets, uniq_robin
D:3:      minmay_door_path, layout_loops_ring, okawaru_altar_gauntlet_db,
          chequers_serial_rivers_micro_e, minmay_fractal_squares_gapless_5
D:4:      layout_basic, brannock_xom_greatest_gift, gup_sewer_entry_bowl,
          uniq_menkaure, uniq_sigmund, uniq_duvessa, uniq_blork_the_orc
D:5:      layout_basic, dancing_weapons_uskayaw,
          mainiacjoe_overflow_concentric_impassable, mainiacjoe_overflow_paths,
          cheibrodos_ashenzari_chains, trog_ov_bears_minmay,
          uniq_prince_ribbit1, uniq_pikel, uniq_eustachio
D:6:      layout_loops_ring, hangedman_ru_absence, uniq_maggie
D:7:      layout_gridville, old_standard_altar, lemuel_temple_firewalk_b,
          enter_bailey_2
D:8:      layout_basic, lemuel_zombie_altar_yredelemnul, general_overflow_altar,
          uniq_gastronok
D:9:      layout_long_grid, erik_lair_orcish_takeover, worms_lemuel,
          uniq_jeremiah

Notes
Turn   | Place    | Note
-------+----------+-------------------------------------------
     0 | D:1      | sanka the Merfolk Shapeshifter began the quest for the Orb.
     0 | D:1      | Reached XP level 1. HP: 15/15 MP: 1/1
    88 | D:1      | HP: 1/15 [quokka (1)]
   206 | D:1      | Reached XP level 2. HP: 18/21 MP: 2/2
   767 | D:1      | Reached skill level 5 in Shapeshifting
   806 | D:1      | Reached XP level 3. HP: 23/26 MP: 3/3
  1079 | D:2      | Reached skill level 2 in Fighting
  1122 | D:2      | Found a faded altar of an unknown god.
  1131 | D:2      | Got Plato's Parchment of Topography
  1672 | D:3      | Reached XP level 4. HP: 27/33 MP: 4/4
  1697 | D:3      | Found an iron altar of Okawaru.
  1706 | D:3      | Became a worshipper of Warmaster Okawaru
  1810 | D:2      | Noticed Robin
  1827 | D:1      | Reached skill level 6 in Shapeshifting
  2018 | D:1      | Killed Robin
  2442 | D:2      | Reached XP level 5. HP: 38/38 MP: 5/5
  2545 | D:2      | Reached skill level 7 in Shapeshifting
  3314 | D:4      | Noticed Blork the orc
  3328 | D:4      | Killed Blork the orc
  3329 | D:4      | Reached skill level 4 in Unarmed Combat
  3329 | D:4      | Reached XP level 6. HP: 44/44 MP: 6/6
  3392 | D:4      | Noticed Menkaure
  3396 | D:4      | Killed Menkaure
  3396 | D:4      | Reached * piety under Okawaru
  3397 | D:4      | Reached skill level 5 in Unarmed Combat
  3453 | D:4      | Reached skill level 6 in Unarmed Combat
  3555 | D:4      | Noticed Duvessa
  3555 | D:4      | Noticed Dowan
  3562 | D:4      | Killed Duvessa
  3563 | D:4      | Reached skill level 1 in Invocations
  3563 | D:4      | Reached XP level 7. HP: 38/50 MP: 4/8
  3580 | D:4      | Killed Dowan
  3581 | D:4      | Reached skill level 2 in Invocations
  3667 | D:4      | Found a shimmering altar of Xom.
  3691 | D:4      | Found a glowing drain.
  3695 | Sewer    | Entered a sewer
  3907 | Sewer    | Reached skill level 7 in Unarmed Combat
  3966 | Sewer    | Reached skill level 3 in Invocations
  4339 | D:4      | Noticed Sigmund
  4357 | D:4      | Killed Sigmund
  4358 | D:4      | Reached skill level 4 in Invocations
  4358 | D:4      | Reached XP level 8. HP: 45/56 MP: 9/11
  4852 | D:5      | Entered Level 5 of the Dungeon
  4889 | D:5      | Reached skill level 8 in Unarmed Combat
  4892 | D:5      | Reached skill level 5 in Invocations
  4922 | D:5      | Found a hazy altar of Hepliaklqana.
  4930 | D:5      | Noticed Pikel
  5110 | D:5      | Killed Pikel
  5110 | D:5      | Reached ** piety under Okawaru
  5111 | D:5      | Reached skill level 10 in Unarmed Combat
  5111 | D:5      | Reached XP level 9. HP: 35/61 MP: 10/12
  5113 | D:5      | Reached skill level 3 in Dodging
  5305 | D:5      | Found a snail-covered altar of Cheibriados.
  5388 | D:5      | Reached skill level 3 in Fighting
  5410 | D:5      | Found a bloodstained altar of Trog.
  5414 | D:5      | Noticed Prince Ribbit
  5431 | D:5      | Killed Prince Ribbit
  5432 | D:5      | Reached skill level 4 in Dodging
  5466 | D:5      | Found a broken altar of Ashenzari.
  5509 | D:5      | Reached skill level 4 in Fighting
  5509 | D:5      | Reached skill level 5 in Dodging
  5820 | D:5      | Noticed a +0 hand axe
  5820 | D:5      | Noticed a +0 hand axe
  5823 | D:5      | Found a hide-covered altar of Uskayaw.
  5918 | D:5      | Noticed Eustachio
  5940 | D:5      | Killed Eustachio
  5940 | D:5      | Reached *** piety under Okawaru
  6119 | D:6      | Identified +0 swamp dragon scales
  6119 | D:6      | Noticed Maggie
  6135 | D:6      | Killed Maggie
  6136 | D:6      | Reached skill level 5 in Fighting
  6136 | D:6      | Reached skill level 6 in Dodging
  6214 | D:6      | Reached skill level 7 in Dodging
  6336 | D:6      | Reached skill level 6 in Fighting
  6760 | D:6      | Reached skill level 8 in Dodging
  6867 | D:6      | Reached XP level 10. HP: 77/77 MP: 13/13
  6868 | D:6      | Found a sacrificial altar of Ru.
  7147 | D:7      | Found a flagged portal.
  7158 | D:7      | Reached skill level 7 in Fighting
  7323 | Bailey   | Entered a bailey
  7431 | Bailey   | Reached skill level 8 in Fighting
  7685 | Bailey   | Reached skill level 8 in Shapeshifting
  8028 | Bailey   | Noticed an orc warlord
  8065 | Bailey   | Killed an orc warlord
  8066 | Bailey   | Reached skill level 10 in Shapeshifting
  8346 | Bailey   | Acquired 492 gold pieces
  8367 | Bailey   | Noticed an orc knight
  8376 | Bailey   | Killed an orc knight
  8377 | Bailey   | Reached skill level 11 in Shapeshifting
  8658 | D:7      | Reached **** piety under Okawaru
  8798 | D:7      | Reached XP level 11. HP: 59/86 MP: 14/14
  8952 | D:7      | Found a staircase to the Ecumenical Temple.
  9084 | D:7      | Reached skill level 12 in Shapeshifting
  9221 | D:7      | Found a glowing golden altar of the Shining One.
 10073 | D:8      | Identified +0 steam dragon scales
 10250 | D:8      | Noticed Gastronok
 10274 | D:8      | Killed Gastronok
 10274 | D:8      | Reached ***** piety under Okawaru
 10275 | D:8      | Reached skill level 13 in Shapeshifting
 10560 | D:8      | Reached skill level 14 in Shapeshifting
 10635 | D:8      | Found a sparkling altar of Nemelex Xobeh.
 10771 | D:8      | Found a basalt altar of Yredelemnul.
 11142 | D:9      | Received a gift from Okawaru
 11570 | D:9      | Noticed Jeremiah
 11624 | D:9      | HP: 8/85 [orc priest/divine providence (15)]
 11631 | D:9      | HP: 4/85 [wolf (6)]
 11632 | D:9      | HP: 1/85 [wolf (4)]
 11637 | D:8      | HP: 3/85 [wolf (11)]
 11640 | D:8      | Slain by a wolf

Vanquished Creatures
  Gastronok (D:8)
  An orc warlord (Bailey)
  An orc knight (Bailey)
  Pikel (D:5)
  Maggie (D:6)
  An unseen horror zombie (D:8)
  Prince Ribbit (D:5)
  Sigmund (D:4)
  Eustachio (D:5)
  4 yaks (D:8)
  3 steam dragons
  Menkaure (D:4)
  A swamp worm (D:9)
  A water moccasin (D:6)
  Duvessa (D:4)
  3 sky beasts
  4 black bears
  15 orc warriors
  3 ogres
  3 centaurs
  2 lemures
  A brain worm (Sewer)
  2 bullfrogs
  Blork the orc (D:4)
  2 scorpions
  7 wights
  Dowan (D:4)
  4 killer bees (D:9)
  3 howler monkeys (D:7)
  A bombardier beetle (D:5)
  4 orc priests
  3 hounds
  2 gnoll boudas
  2 sleepcaps
  An iguana (D:6)
  9 orc wizards
  A killer bee zombie (D:8)
  Robin (D:1)
  11 gnolls
  5 river rats (Sewer)
  15 adders
  2 white imps
  2 ufetubi (D:6)
  4 ribbon worms
  31 orcs
  19 ball pythons
  4 endoplasms
  5 giant cockroaches
  22 goblins
  20 hobgoblins
  5 jackals
  3 quokkas
  11 bats
  5 frilled lizards
  7 kobolds
  8 rats
274 creatures vanquished.

Vanquished Creatures (others)
  3 orcs (D:7)
3 creatures vanquished.

Grand Total: 277 creatures vanquished
